 Dungeon Crawl Stone Soup version 0.30-a0-172-gc5509c9e31 (webtiles) character file.

Game seed: 5917780088219970523

4231 Zanven the Blocker (level 10, 0/86 HPs)
             Began as a Hill Orc Fighter on Oct 2, 2022.
             Was an Elder of Qazlal.
             Slain by a yak (6 damage)
             ... on level 8 of the Dungeon.
             The game lasted 00:59:32 (6136 turns).

Zanven the Blocker (Hill Orc Fighter)               Turns: 6136, Time: 00:59:32

Health: 0/86       AC: 11    Str: 22    XL:     10   Next: 30%
Magic:  10/10      EV:  9    Int:  8    God:    Qazlal [****..]
Gold:   409        SH: 16    Dex: 12    Spells: 9/9 levels left

rFire   . . .      SeeInvis .    A - +3 short sword (venom)
rCold   + . .      Faith    .    c - +0 buckler
rNeg    . . .      Spirit   .    J - +0 chain mail
rPois   .          Reflect  +    S - +1 hat
rElec   .          Harm     .    (no cloak)
rCorr   .          Rampage  .    (no gloves)
Will    .....                    (no boots)
Stlth   ..........               i - amulet of reflection
HPRegen 0.34/turn                Q - ring of protection from cold
MPRegen 0.12/turn                (no ring)

@: repel missiles
A: no striking features
a: Renounce Religion, Upheaval, Elemental Force


You were on level 8 of the Dungeon.
You worshipped Qazlal.
Qazlal was greatly pleased with you.
You visited 1 branch of the dungeon, and saw 8 of its levels.
You also visited: Sewer.

You collected 409 gold pieces.

Inventory:

Hand Weapons
 a - a +0 war axe
 j - a +0 short sword
 w - a +0 flail
 x - a +0 morningstar
 y - a +0 mace
 z - a +0 war axe
 A - a +3 short sword of venom (weapon)
 C - the +2 long sword "Beetleslayer" {vorpal, rC+ rCorr Dex+4}
   (You found it in a sewer)

   It inflicts extra damage upon your enemies.
   Dex:       It affects your dexterity (+4).
   rC:        It protects you from cold.
   rCorr:     It protects you from acid and corrosion.
 E - a +1 dagger of freezing
 M - a +2 whip of freezing
 O - a +1 trident of protection
 U - a +0 shortbow
Missiles
 p - 55 stones
 u - 38 poisoned darts
Armour
 b - a +0 scale mail
 c - a +0 buckler (worn)
 J - a +0 chain mail (worn)
 S - a +1 hat (worn)
Jewellery
 i - an amulet of reflection (around neck)
 H - an amulet of the acrobat
 I - an amulet of guardian spirit
 Q - a ring of protection from cold (left hand)
Wands
 K - a wand of roots (8)
 L - a wand of flame (15) (quivered)
 N - a wand of digging (7)
Scrolls
 d - a scroll of poison
 h - 4 scrolls of amnesia {unknown}
 l - a scroll of blinking {unknown}
 n - 4 scrolls of identify {unknown}
 o - 4 scrolls of enchant armour {unknown}
 q - 4 scrolls of teleportation {unknown}
 r - 2 scrolls of fear {unknown}
 t - a scroll of summoning {unknown}
 B - a scroll of silence {unknown}
 D - a scroll of immolation {unknown}
 R - a scroll of magic mapping {unknown}
 T - a scroll of torment {unknown}
Potions
 e - 4 potions of lignification {unknown}
 f - 2 potions of haste {unknown}
 g - a potion of flight {unknown}
 k - a potion of ambrosia {unknown}
 m - 3 potions of attraction {unknown}
 v - 3 potions of curing
 F - 4 potions of resistance {unknown}
 G - 2 potions of invisibility {unknown}
 P - 2 potions of brilliance {unknown}
 V - a potion of magic {unknown}


   Skills:
 + Level 7.6 Fighting
 + Level 3.9(5.7) Short Blades
 + Level 7.0(7.6) Long Blades
 + Level 4.9 Axes
 + Level 7.6 Armour
 + Level 3.0 Dodging
 + Level 0.4 Stealth
 + Level 9.0 Shields
 + Level 0.8 Evocations


You had 9 spell levels left.
You didn't know any spells.
Your spell library contained the following spells:

 Spells                   Type           Power      Damage    Failure   Level
 Foxfire                  Conj/Fire      0%         2x1d4     98%         1
 Kiss of Death            Conj/Necr      0%         2d5       98%         1
 Confusing Touch          Hex            0%         N/A       100%        3
 Gell's Gravitas          Tloc           0%         N/A       100%        3
 Inner Flame              Hex/Fire       0%         N/A       100%        3
 Teleport Other           Tloc           0%         N/A       100%        3
 Dispel Undead            Necr           0%         3d6       100%        4
 Flame Wave               Conj/Fire      0%         2d4       100%        4
 Sticky Flame             Conj/Fire      0%         2d3       100%        4
 Dispersal                Tloc           0%         N/A       100%        6


Dungeon Overview and Level Annotations

Branches:
Dungeon (8/15)             Temple (0/1) D:4           Sewer (visited)
   Lair: D:8-11

Altars:
Qazlal
Zin


Message History

* * * LOW HITPOINT WARNING * * *
You hit the yak but do no damage.
The yak is almost dead.
You kill the yak!
Qazlal accepts your kill.
You hit the yak.
The yak is poisoned.
The yak is severely wounded.
You hit the yak.
The yak looks as sick as possible!
The yak is almost dead.
You block the yak's attack.
The howler monkey is engulfed in blazing flames.
You hit the yak but do no damage.
The yak is almost dead.
You kill the yak!
Qazlal accepts your kill.
The howler monkey is engulfed in blazing flames.
You kill the howler monkey!
Qazlal accepts your kill.
Your Dodging skill increases to level 3!
Your Shields skill increases to level 9!
You hit the yak but do no damage.
The yak is poisoned.
The yak is heavily wounded.
The yak misses you.
You closely miss the yak.
The yak is heavily wounded.
The air fills with toxic fumes!
As you read the scroll labelled EDOGISIOSE, it crumbles to dust.
It was a scroll of poison.
You block the yak's attack.
You closely miss the yak.
The yak is heavily wounded.
The yak gores you!
* * * LOW HITPOINT WARNING * * *
As you read the scroll labelled UNUEMUCOVOD, it crumbles to dust.
It is a scroll of enchant weapon.
Your +2 short sword of venom glows red for a moment.
You block the yak's attack.
You hit the yak.
The yak is severely wounded.
The yak gores you.
You die...

#.......#
#..#§##.#
#..#§§.§#
#<.§§§#§#
#.##§§§§#
#.##§#Y.####
#..§Jo......
####Y#######
#@#
#§§§§§§§§
#########


You could see 2 yaks, a jelly and an orc.

Vanquished Creatures
  Pikel (D:5)
  Grinder (Sewer)
  8 yaks (D:8)
  2 water moccasins
  Duvessa (D:5)
  A sky beast (D:7)
  An orc warrior (D:7)
  A black bear (D:5)
  A centaur (D:7)
  4 phantoms
  3 lemures (D:5)
  3 kobold brigands
  A bullfrog (D:7)
  2 necrophages (D:6)
  A scorpion (D:6)
  Dowan (D:5)
  2 howler monkeys (D:8)
  A quasit (Sewer)
  5 hounds
  2 jellies
  3 orc priests
  4 iguanas
  Ijyb (D:5)
  5 orc wizards
  8 adders
  6 shadow imps
  A white imp (D:5)
  5 ufetubi (Sewer)
  2 dart slugs
  23 orcs
  8 bats
  8 endoplasms
  8 giant cockroaches
  10 goblins
  3 hobgoblins
  10 jackals
  30 kobolds
  4 quokkas
  9 ball pythons
  2 frilled lizards
  9 rats
201 creatures vanquished.

Vanquished Creatures (others)
  A kobold zombie (Sewer)
1 creature vanquished.

Grand Total: 202 creatures vanquished

Notes
Turn   | Place    | Note
-------+----------+-------------------------------------------
     0 | D:1      | Zanven the Hill Orc Fighter began the quest for the Orb.
     0 | D:1      | Reached XP level 1. HP: 19/19 MP: 1/1
   129 | D:1      | Reached XP level 2. HP: 25/27 MP: 2/2
   348 | D:1      | Reached XP level 3. HP: 33/33 MP: 3/3
   526 | D:2      | Reached XP level 4. HP: 35/40 MP: 4/4
   565 | D:2      | Found a faded altar of an unknown god.
   578 | D:2      | Prayed at the altar of an unknown god.
   578 | D:2      | Became a worshipper of Qazlal Stormbringer
   578 | D:2      | Reached * piety under Qazlal
  1086 | D:3      | Reached skill level 1 in Dodging
  1254 | D:3      | Reached XP level 5. HP: 17/47 MP: 5/5
  1258 | D:3      | Reached ** piety under Qazlal
  1271 | D:3      | Found a glowing drain.
  1355 | Sewer    | Entered a sewer
  1435 | Sewer    | Reached skill level 4 in Shields
  1565 | Sewer    | Found a burning altar of Makhleb.
  1565 | Sewer    | Noticed a kobold brigand
  1594 | Sewer    | Killed a kobold brigand
  1595 | Sewer    | Reached XP level 6. HP: 21/53 MP: 6/6
  1868 | Sewer    | Identified the +2 long sword "Beetleslayer" {vorpal, rC+
                  | rCorr Dex+4}
  2044 | Sewer    | Noticed Grinder
  2051 | Sewer    | Paralysed by Grinder for 2 turns
  2072 | Sewer    | Killed Grinder
  2073 | Sewer    | Reached skill level 1 in Short Blades
  2073 | Sewer    | Reached skill level 1 in Long Blades
  2073 | Sewer    | Reached skill level 5 in Armour
  2073 | Sewer    | Reached skill level 5 in Shields
  2073 | Sewer    | Reached XP level 7. HP: 26/60 MP: 7/7
  2272 | D:3      | Reached skill level 5 in Fighting
  2305 | D:3      | Reached *** piety under Qazlal
  2524 | D:4      | Found a staircase to the Ecumenical Temple.
  2999 | D:5      | Entered Level 5 of the Dungeon
  3028 | D:5      | Noticed Dowan
  3029 | D:5      | Noticed Duvessa
  3033 | D:5      | Noticed Pikel
  3053 | D:5      | Killed Duvessa
  3054 | D:5      | Reached XP level 8. HP: 19/68 MP: 8/8
  3056 | D:5      | Killed Dowan
  3058 | D:5      | Killed Pikel
  3059 | D:5      | Reached skill level 6 in Shields
  3401 | D:5      | Noticed Ijyb
  3409 | D:5      | Killed Ijyb
  3416 | D:5      | Reached skill level 7 in Shields
  3436 | D:5      | Reached XP level 9. HP: 55/75 MP: 9/9
  3783 | D:5      | Reached skill level 5 in Long Blades
  4751 | D:7      | Reached **** piety under Qazlal
  5625 | D:7      | Reached skill level 8 in Shields
  5859 | D:7      | Found a glowing silver altar of Zin.
  6102 | D:8      | Reached XP level 10. HP: 57/86 MP: 10/10
  6131 | D:8      | Reached skill level 9 in Shields
  6136 | D:8      | Slain by a yak

Illustrated notes

Levels and vault maps discovered:
D:1:      tarquinn_simple_flora_water_f, layout_loops_ring, minmay_cut_off
D:2:      layout_basic, nicolae_ecumenical_snake_handling
D:3:      layout_loops_cross, portal_sewer_entry_a
D:4:      layout_loops_ring, minmay_temple_entry_sparse_star,
          kennysheep_generic_room_6
D:5:      layout_rooms, uniq_ijyb, uniq_duvessa, uniq_pikel
D:6:      layout_loops_ring, serial_glass, glass_columns_a, glass_columns_a
D:7:      kennysheep_spiral_hall, layout_basic,
          mainiacjoe_overflow_six_doors_small, enter_bailey_5,
          minmay_misc_feat_encased
D:8:      layout_loops_ring, minitemple, uniq_amaemon

Skill      XL: |  1  2  3  4  5  6  7  8  9 10 |
---------------+-------------------------------+-----
Fighting       | 4 5 7 |  7.6
Axes           | 3 4 |  4.9
Armour         | 4 5 6 7 |  7.6
Dodging        | 1 2 3 |  3.0
Shields        | 4 5 7 8 9 |  9.0
Short Blades   | 1 2 3 |  3.9
Long Blades    | 1 3 4 7 |  7.0
Stealth        | |  0.4
Evocations     | |  0.8

Action                   |  1- 3 |  4- 6 |  7- 9 | 10-12 || total
-------------------------+-------+-------+-------+-------++-------
Melee: War axe           |    92 |   105 |       |       ||   197
       Short sword       |       |    62 |   102 |    29 ||   193
       Long sword        |       |    30 |   241 |       ||   271
Throw: Throwing net      |     1 |       |       |       ||     1
       Stone             |       |     2 |       |       ||     2
       Dart              |       |     1 |       |       ||     1
Evoke: Wand              |       |       |     3 |     1 ||     4
  Use: Potion            |       |     2 |     5 |       ||     7
       Scroll            |       |       |       |     2 ||     2
Armor: Scale mail        |    37 |    90 |    14 |       ||   141
       Chain mail        |       |       |    99 |     3 ||   102
Dodge: Dodged            |    31 |   112 |    92 |     3 ||   238
       Repelled          |       |       |     1 |       ||     1
Block: Buckler           |    59 |   179 |   288 |    18 ||   544
       Reflection        |     1 |     5 |    10 |       ||    16

Table legend: (Time is in decaauts)
 A = Elapsed time spent in this place.
 B = Non-inter-level travel time spent in this place.
 C = Inter-level travel time spent in this place.
 D = Time resting spent in this place.
 E = Time spent auto-exploring this place.
 F = Levels seen in this place.
 G = Mean time per level.
                   A        B        C        D        E       F      G
               +--------+--------+--------+--------+--------+-----+--------+
         Total |   6268 |   6266 |      2 |   1153 |      0 |   9 |  696.4 |
       Dungeon |   5397 |   5395 |      2 |    775 |      0 |   8 |  674.6 |
         Sewer |    870 |    870 |      0 |    378 |      0 |   1 |  870.0 |
               +--------+--------+--------+--------+--------+-----+--------+

Top non-repeatable levels by time:
     D:7: 1452 daAuts
   Sewer: 870 daAuts
     D:5: 849 daAuts
     D:6: 795 daAuts
     D:3: 655 daAuts
     D:2: 587 daAuts
     D:4: 531 daAuts
     D:1: 466 daAuts
     D:8: 59 daAuts
